3AA
ATLANTIC CITY SONICS @ MYRTLE BEACH MERMEN
06/25/2027
 
TOP OF THE 1ST
Atlantic City Sonics batting - Pitching for Myrtle Beach Mermen : RHP José López
Pitching: RHP José López
Batting: RHB José López 0-0: Foul Ball, location: 2F
0-1: Ball
1-1: Ball
2-1: Swinging Strike
2-2: Ball
3-2: Ground out 4-3 (Groundball, 4)
Batting: LHB Russ Hanneman 0-0: SINGLE (Groundball, 4MD)
Batting: RHB Brady Bess 0-0: Fly out, F8 (Flyball, 8LM)
Batting: LHB Todd Blankenburg 0-0: Called Strike
0-1: Ball
1-1: Ball
2-1: Foul Ball, location: 2F
2-2: Ball
3-2: Base on Balls
Russ Hanneman to second
Batting: RHB Thurman Blumer 0-0: Fielders Choice at 2nd, 4-6 (Groundball, 4)
Top of the 1st over - 0 run(s), 1 hit(s), 0 error(s), 1 left on base; Atlantic City 0 - Myrtle Beach 0
BOTTOM OF THE 1ST
Myrtle Beach Mermen batting - Pitching for Atlantic City Sonics : RHP Elroy Thompkins
Pitching: RHP Elroy Thompkins
Batting: RHB Sergio Pérez 0-0: Ground out 5-3 (Groundball, 56)
Batting: RHB Jorge Reyes 0-0: Called Strike
0-1: Ball
1-1: Foul Ball, location: 2F
1-2: Ball
2-2: Foul Ball, location: 2F
2-2: SINGLE (Line Drive, 34D)
Batting: RHB Manuel Guillama 0-0: Ball
1-0: Swinging Strike
1-1: Ball
2-1: Fly out, F6 (Popup, 6)
Batting: RHB Zeus Preckwinkle 0-0: Called Strike
0-1: Ball
1-1: Ball
2-1: Called Strike
2-2: SINGLE (Line Drive, 56D)
Jorge Reyes to second
Batting: LHB Juan Villanueva 0-0: Ball
1-0: Foul Ball, location: 2F
1-1: Foul Ball, location: 2F
1-2: Foul Ball, location: 2F
1-2: Foul Ball, location: 2F
1-2: Ball
2-2: Foul Ball, location: 2F
2-2: Ball
3-2: Base on Balls
Jorge Reyes to third
Zeus Preckwinkle to second
Batting: RHB Sal Haynes 0-0: Called Strike
0-1: Ball
1-1: Foul Ball, location: 2F
1-2: Ball
2-2: Strikes out swinging
Bottom of the 1st over - 0 run(s), 2 hit(s), 0 error(s), 3 left on base; Atlantic City 0 - Myrtle Beach 0
TOP OF THE 2ND
Atlantic City Sonics batting - Pitching for Myrtle Beach Mermen : RHP José López
Batting: RHB Kevin Malone 0-0: Called Strike
0-1: Fly out, F6 (Line Drive, 6M)
Batting: RHB Senior Pond 0-0: Ball
1-0: Ball
2-0: Ball
3-0: Called Strike
3-1: Base on Balls
Batting: RHB Damon Grinter 0-0: Ball
1-0: Foul Ball, location: 2F
1-1: Ball
2-1: Foul Ball, location: 2F
2-2: Fly out, F9 (Flyball, 9S)
Batting: RHB Cristián Alfonso 0-0: Ball
Senior Pond is caught stealing 2nd base
Top of the 2nd over - 0 run(s), 0 hit(s), 0 error(s), 0 left on base; Atlantic City 0 - Myrtle Beach 0
BOTTOM OF THE 2ND
Myrtle Beach Mermen batting - Pitching for Atlantic City Sonics : RHP Elroy Thompkins
Batting: RHB Maik Palen 0-0: Ball
1-0: DOUBLE (Line Drive, 8LXD)
Batting: RHB Theodore York 0-0: Ball
1-0: Ground out 5-3 (Groundball, 5L)
Batting: RHB Pancho Núñez 0-0: Fly out, F4 (Popup, 34)
Batting: RHB Sergio Pérez 0-0: Ball
1-0: Swinging Strike
1-1: Ball
2-1: Ball
3-1: Ground out 6-3 (Groundball, 6)
Bottom of the 2nd over - 0 run(s), 1 hit(s), 0 error(s), 1 left on base; Atlantic City 0 - Myrtle Beach 0
TOP OF THE 3RD
Atlantic City Sonics batting - Pitching for Myrtle Beach Mermen : RHP José López
Batting: RHB Cristián Alfonso 0-0: Called Strike
0-1: Ball
1-1: Ball
2-1: Ball
3-1: Called Strike
3-2: Base on Balls
Batting: RHB José López 0-0: Grounds into double play, 4-6-3 (Groundball, 4M)
Batting: LHB Russ Hanneman 0-0: Ball
1-0: Ball
2-0: Called Strike
2-1: Ball
3-1: Base on Balls
Batting: RHB Brady Bess 0-0: Foul Ball, location: 2F
0-1: Called Strike
0-2: Foul Ball, location: 2F
0-2: Strikes out looking
Top of the 3rd over - 0 run(s), 0 hit(s), 0 error(s), 1 left on base; Atlantic City 0 - Myrtle Beach 0
BOTTOM OF THE 3RD
Myrtle Beach Mermen batting - Pitching for Atlantic City Sonics : RHP Elroy Thompkins
Batting: RHB Jorge Reyes 0-0: Swinging Strike
0-1: Reached on error, E4 (Groundball, 4)
Batting: RHB Manuel Guillama 0-0: Swinging Strike
0-1: Foul Ball, location: 2F
0-2: Ball
1-2: Foul Ball, location: 2F
1-2: Ball
2-2: Ground out 6-3 (Groundball, 6)
Batting: RHB Zeus Preckwinkle 0-0: Fly out, F9 (Line Drive, 9S)
Batting: LHB Juan Villanueva 0-0: Called Strike
0-1: Ball
1-1: Ball
2-1: Foul Ball, location: 2F
2-2: Strikes out swinging
Bottom of the 3rd over - 0 run(s), 0 hit(s), 1 error(s), 1 left on base; Atlantic City 0 - Myrtle Beach 0
TOP OF THE 4TH
Atlantic City Sonics batting - Pitching for Myrtle Beach Mermen : RHP José López
Batting: LHB Todd Blankenburg 0-0: Swinging Strike
0-1: Swinging Strike
0-2: Foul Ball, location: 2F
0-2: Ball
1-2: Foul Ball, location: 2F
1-2: Strikes out looking
Batting: RHB Thurman Blumer 0-0: Ball
1-0: SINGLE (Groundball, 56D)
Batting: RHB Kevin Malone 0-0: Foul Ball, location: 2F
0-1: Ball
1-1: Ball
2-1: Ball
3-1: Called Strike
3-2: Base on Balls
Thurman Blumer to second
Batting: RHB Senior Pond 0-0: Swinging Strike
0-1: Foul Ball, location: 2F
0-2: Foul Ball, location: 2F
0-2: Grounds into double play, 5-4-3 (Groundball, 56)
Top of the 4th over - 0 run(s), 1 hit(s), 0 error(s), 1 left on base; Atlantic City 0 - Myrtle Beach 0
BOTTOM OF THE 4TH
Myrtle Beach Mermen batting - Pitching for Atlantic City Sonics : RHP Elroy Thompkins
Batting: RHB Sal Haynes 0-0: Ball
1-0: Called Strike
1-1: Ball
2-1: Ball
3-1: Foul Ball, location: 2F
3-2: Base on Balls
Batting: RHB Maik Palen 0-0: Swinging Strike
Sal Haynes steals 2nd base
0-1: Foul Ball, location: 2F
0-2: Foul Ball, location: 2F
0-2: Ball
1-2: Ground out 5-3 (Groundball, 56S)
Sal Haynes to third
Batting: RHB Theodore York 0-0: Ball
1-0: Called Strike
1-1: Ball
2-1: Ball
3-1: Swinging Strike
3-2: Strikes out swinging
Batting: RHB Pancho Núñez 0-0: Ground out 6-3 (Groundball, 6)
Bottom of the 4th over - 0 run(s), 0 hit(s), 0 error(s), 1 left on base; Atlantic City 0 - Myrtle Beach 0
TOP OF THE 5TH
Atlantic City Sonics batting - Pitching for Myrtle Beach Mermen : RHP José López
Batting: RHB Damon Grinter 0-0: Called Strike
0-1: Ball
1-1: Ball
2-1: Ball
3-1: Base on Balls
Batting: RHB Cristián Alfonso 0-0: Ball
1-0: Bunted foul
1-1: Ball
2-1: Bunted foul
2-2: Foul Ball, location: 2F
2-2: 2-RUN HOME RUN (Line Drive, 8RXD), Distance : 444 ft
Batting: RHB José López 0-0: Ball
1-0: Ball
2-0: Ball
3-0: Base on Balls
Batting: LHB Russ Hanneman 0-0: Called Strike
0-1: Ball
1-1: Grounds into double play, 4-6-3 (Groundball, 4)
Batting: RHB Brady Bess 0-0: Ball
1-0: Foul Ball, location: 2F
1-1: SINGLE (Groundball, 4MD)
Batting: LHB Todd Blankenburg 0-0: Foul Ball, location: 2F
0-1: Foul Ball, location: 2F
0-2: Strikes out looking
Top of the 5th over - 2 run(s), 2 hit(s), 0 error(s), 1 left on base; Atlantic City 2 - Myrtle Beach 0
BOTTOM OF THE 5TH
Myrtle Beach Mermen batting - Pitching for Atlantic City Sonics : RHP Elroy Thompkins
Batting: RHB Sergio Pérez 0-0: Called Strike
0-1: Ground out 5-3 (Groundball, 5)
Batting: RHB Jorge Reyes 0-0: Foul Ball, location: 2F
0-1: Swinging Strike
0-2: Strikes out looking
Batting: RHB Manuel Guillama 0-0: Called Strike
0-1: Ball
1-1: Foul Ball, location: 2F
1-2: Fly out, F7 (Flyball, 7LSF)
Bottom of the 5th over - 0 run(s), 0 hit(s), 0 error(s), 0 left on base; Atlantic City 2 - Myrtle Beach 0
TOP OF THE 6TH
Atlantic City Sonics batting - Pitching for Myrtle Beach Mermen : RHP José López
Batting: RHB Thurman Blumer 0-0: Ball
1-0: Called Strike
1-1: Called Strike
1-2: Foul Ball, location: 2F
1-2: Ball
2-2: SINGLE (Groundball, 34D)
Batting: RHB Kevin Malone 0-0: Swinging Strike
0-1: Ball
1-1: Called Strike
1-2: Foul Ball, location: 2F
1-2: Foul Ball, location: 2F
1-2: Strikes out swinging
Batting: RHB Senior Pond 0-0: Called Strike
0-1: Swinging Strike
0-2: Strikes out swinging
Batting: RHB Damon Grinter 0-0: Called Strike
0-1: Foul Ball, location: 2F
0-2: Strikes out swinging
Top of the 6th over - 0 run(s), 1 hit(s), 0 error(s), 1 left on base; Atlantic City 2 - Myrtle Beach 0
BOTTOM OF THE 6TH
Myrtle Beach Mermen batting - Pitching for Atlantic City Sonics : RHP Elroy Thompkins
Batting: RHB Zeus Preckwinkle 0-0: SOLO HOME RUN (Flyball, 78XD), Distance : 387 ft
Batting: LHB Juan Villanueva 0-0: Called Strike
0-1: Foul Ball, location: 2F
0-2: Ball
1-2: Foul Ball, location: 2F
1-2: Hit by Pitch
Batting: RHB Sal Haynes 0-0: Ball
1-0: Fly out, F8 (Flyball, 8RM)
Batting: RHB Maik Palen 0-0: Ball
1-0: SINGLE (Groundball, 56D)
Juan Villanueva to second
Batting: RHB Theodore York 0-0: Called Strike
0-1: Foul Ball, location: 2F
0-2: Ball
1-2: Grounds into double play, 5-4-3 (Groundball, 5)
Bottom of the 6th over - 1 run(s), 2 hit(s), 0 error(s), 1 left on base; Atlantic City 2 - Myrtle Beach 1
TOP OF THE 7TH
Atlantic City Sonics batting - Pitching for Myrtle Beach Mermen : RHP José López
Batting: RHB Cristián Alfonso 0-0: Ball
1-0: Called Strike
1-1: Called Strike
1-2: Foul Ball, location: 2F
1-2: Foul Ball, location: 2F
1-2: Ball
2-2: Ball
3-2: Foul Ball, location: 2F
3-2: Base on Balls
Pinch Hitting: RHB Julián García 0-0: Ball
1-0: Swinging Strike
1-1: Swinging Strike
Passed Ball!
Cristián Alfonso to second
1-2: Fly out, F8 (Flyball, 8RM)
Pitching: RHP Les Edwards
Batting: LHB Russ Hanneman 0-0: Reached on error, E3 (Groundball, 3)
Cristián Alfonso to third
Batting: RHB Brady Bess 0-0: Called Strike
0-1: Fly out, F8 (Flyball, 8LS)
Batting: LHB Todd Blankenburg 0-0: Ball
1-0: Ground out 6-3 (Groundball, 6MS)
Top of the 7th over - 0 run(s), 0 hit(s), 1 error(s), 2 left on base; Atlantic City 2 - Myrtle Beach 1
BOTTOM OF THE 7TH
Myrtle Beach Mermen batting - Pitching for Atlantic City Sonics : RHP Elroy Thompkins
Now in RF: Phil Moore
Batting: RHB Pancho Núñez 0-0: Called Strike
0-1: Swinging Strike
0-2: Ground out 5-3 (Groundball, 5)
Batting: RHB Sergio Pérez 0-0: Foul Ball, location: 2F
0-1: Foul Ball, location: 2F
0-2: Ball
1-2: Ball
2-2: Ball
3-2: SINGLE (Groundball, 34D)
Batting: RHB Jorge Reyes 0-0: Called Strike
0-1: Foul Ball, location: 2F
0-2: Ball
1-2: Ball
2-2: Ball
3-2: Ground out 6-3 (Groundball, 6M)
Sergio Pérez to second
Batting: RHB Manuel Guillama 0-0: Ball
Wild Pitch!
Sergio Pérez to third
1-0: Called Strike
1-1: Fly out, F9 (Flyball, 9LS)
Bottom of the 7th over - 0 run(s), 1 hit(s), 0 error(s), 1 left on base; Atlantic City 2 - Myrtle Beach 1
TOP OF THE 8TH
Atlantic City Sonics batting - Pitching for Myrtle Beach Mermen : RHP Les Edwards
Batting: RHB Thurman Blumer 0-0: Ball
1-0: Foul Ball, location: 2F
1-1: Swinging Strike
1-2: Foul Ball, location: 2F
1-2: Foul Ball, location: 2F
1-2: Foul Ball, location: 2F
1-2: SOLO HOME RUN (Flyball, 7LD), Distance : 331 ft
Batting: RHB Kevin Malone 0-0: Called Strike
0-1: Foul Ball, location: 2F
0-2: Ball
1-2: Foul Ball, location: 2F
1-2: Foul Ball, location: 2F
1-2: Ball
2-2: Ball
3-2: Base on Balls
Batting: RHB Senior Pond 0-0: Bunted foul
0-1: Bunted foul
0-2: Strikes out swinging
Batting: RHB Damon Grinter 0-0: SINGLE (Flyball, 9LS)
Kevin Malone to second
Runner from 2nd tries for 3rd, SAFE, throw made to third
Pinch Hitting: RHB Nelson Torez 0-0: Ball
1-0: Swinging Strike
1-1: Ball
2-1: SINGLE (Groundball, 56D)
Kevin Malone scores
Damon Grinter to second
Batting: SHB Phil Moore 0-0: Ball
1-0: Foul Ball, location: 2F
1-1: Ball
2-1: SINGLE (Groundball, 6MD)
Damon Grinter to third
Nelson Torez to second
Runner from 3rd tries for Home, throw and OUT!
Batting: LHB Russ Hanneman 0-0: Ball
1-0: Fly out, F3 (Line Drive, 34S)
Top of the 8th over - 2 run(s), 4 hit(s), 0 error(s), 2 left on base; Atlantic City 4 - Myrtle Beach 1
BOTTOM OF THE 8TH
Myrtle Beach Mermen batting - Pitching for Atlantic City Sonics : RHP Elroy Thompkins
Pitching: LHP David Sherratt
Now at 3B: Jim Unknown
Now at SS: Jorge Figueroa
Batting: RHB Zeus Preckwinkle 0-0: Ball
1-0: Foul Ball, location: 2F
1-1: Swinging Strike
1-2: Ball
2-2: Strikes out looking
Batting: LHB Juan Villanueva 0-0: Swinging Strike
0-1: Ball
1-1: Foul Ball, location: 2F
1-2: Foul Ball, location: 2F
1-2: Strikes out swinging
Batting: RHB Sal Haynes 0-0: Ball
1-0: Foul Ball, location: 2F
1-1: Ball
2-1: SOLO HOME RUN (Flyball, 7LD), Distance : 351 ft
Batting: RHB Maik Palen 0-0: Ball
1-0: Ground out 5-3 (Groundball, 5L)
Bottom of the 8th over - 1 run(s), 1 hit(s), 0 error(s), 0 left on base; Atlantic City 4 - Myrtle Beach 2
TOP OF THE 9TH
Atlantic City Sonics batting - Pitching for Myrtle Beach Mermen : RHP Les Edwards
Batting: RHB Brady Bess 0-0: Called Strike
0-1: Ball
1-1: Called Strike
1-2: Foul Ball, location: 2F
1-2: Ball
2-2: Ground out 4-3 (Groundball, 4)
Batting: LHB Todd Blankenburg 0-0: Called Strike
0-1: Ball
1-1: Ground out 4-3 (Groundball, 34)
Batting: RHB Thurman Blumer 0-0: Called Strike
0-1: Ground out 5-3 (Groundball, 56S)
Top of the 9th over - 0 run(s), 0 hit(s), 0 error(s), 0 left on base; Atlantic City 4 - Myrtle Beach 2
BOTTOM OF THE 9TH
Myrtle Beach Mermen batting - Pitching for Atlantic City Sonics : LHP David Sherratt
Pitching: RHP William Bonner
Batting: RHB Theodore York 0-0: Swinging Strike
0-1: Ball
1-1: Foul Ball, location: 2F
1-2: Foul Ball, location: 2F
1-2: Foul Ball, location: 2F
1-2: Foul Ball, location: 2F
1-2: Fly out, F9 (Flyball, 9LM)
Batting: RHB Pancho Núñez 0-0: Ball
1-0: Ball
2-0: Ball
3-0: Called Strike
3-1: Called Strike
3-2: Base on Balls
Batting: RHB Sergio Pérez 0-0: Called Strike
0-1: Foul Ball, location: 2F
0-2: Ball
1-2: SINGLE (Groundball, 56) (infield hit)
Pancho Núñez to second
Batting: RHB Jorge Reyes 0-0: Called Strike
0-1: Called Strike
0-2: Foul Ball, location: 2F
0-2: Foul Ball, location: 2F
0-2: Ball
1-2: Foul Ball, location: 2F
1-2: Strikes out swinging
Batting: RHB Manuel Guillama 0-0: Ground out 4-3 (Groundball, 4S)
Bottom of the 9th over - 0 run(s), 1 hit(s), 0 error(s), 2 left on base; Atlantic City 4 - Myrtle Beach 2
Saturday, May 26th, 2018 - OOTP Baseball 17.12 Build 75